 Dungeon Crawl Stone Soup version 0.22-a0-305-gd21a89c (webtiles) character file.

341 xccam the Cudgeler (level 6, -11/47 HPs)
             Began as a Formicid Fighter on Mar 30, 2018.
             Was a Believer of Ashenzari.
             Killed from afar by Ijyb (12 damage)
             ... with a wand of acid (5)
             ... on level 4 of the Dungeon.
             The game lasted 00:06:51 (3090 turns).

xccam the Cudgeler (Formicid Fighter)               Turns: 3090, Time: 00:06:52

Health: -11/47     AC:  8    Str: 22    XL:     6   Next: 87%
Magic:  6/6        EV:  7    Int:  8    God:    Ashenzari [**....]
Gold:   136        SH:  9    Dex: 10    Spells: 5/5 levels left

rFire    + + .     SeeInvis +   a - +0 flail
rCold    + . .     Gourm    .   c - +0 shield
rNeg     . . .     Faith    .   s - +2 scale mail {rF+}
rPois    +         Spirit   .   (helmet unavailable)
rElec    +         Reflect  .   (no cloak)
rCorr    +         Harm     .   (no gloves)
MR       .....                  (no boots)
Stlth    ..........             (no amulet)
HPRegen  0.15/turn              o - ring of wizardry
MPRegen  0.10/turn              (no ring)

@: resistant, drained
A: permanent stasis, dig shafts and tunnels, four strong arms, antennae 3
a: Dig, Shaft Self, Curse Item, Scrying, Renounce Religion


You were on level 4 of the Dungeon.
You worshipped Ashenzari.
Ashenzari was pleased with you.
You were not hungry.

You visited 1 branch of the dungeon, and saw 4 of its levels.

You collected 136 gold pieces.

Inventory:

Hand Weapons
 a - a +0 flail (weapon)
Armour
 c - a +0 shield (worn)
 s - a +2 scale mail of fire resistance (worn)
Jewellery
 b - a +3 ring of intelligence
 o - a ring of wizardry (left hand)
Scrolls
 g - 2 scrolls of teleportation {unknown}
 i - 4 scrolls of identify {unknown}
 k - a scroll of random uselessness {unknown}
 l - 2 scrolls of enchant armour
 m - a scroll of amnesia {unknown}
 n - a scroll of enchant weapon {unknown}
 q - a scroll of immolation {unknown}
 t - a scroll of fear {unknown}
Potions
 d - a potion of flight {unknown}
 e - a potion of cancellation
 h - a potion of agility
 j - a potion of curing {unknown}
 p - a potion of heal wounds {unknown}
Comestibles
 f - 6 rations
 u - 5 chunks of flesh


   Skills:
 - Level 3.2(2.8) Fighting
 + Level 6.8(6.3) Maces & Flails
 - Level 3.2(2.8) Armour
 - Level 3.6(3.1) Shields


You had 5 spell levels left.
You didn't know any spells.

Dungeon Overview and Level Annotations

Branches:
Dungeon (4/15)
 Temple: D:4-7

Altars:
Ashenzari
Xom

Annotations:
D:4 Ijyb


Innate Abilities, Weirdness & Mutations

You cannot be hasted, slowed, berserked, paralysed or teleported.
You can dig through walls and to a lower floor.
Your four strong arms can wield two-handed weapons with a shield.
You have a pair of large antennae on your head. (SInv)


Message History

You are too injured to fight recklessly!
You are too injured to fight recklessly!
You are too injured to fight recklessly!
You are too injured to fight recklessly!
It was a potion of agility.
You feel agile all of a sudden. You block Ijyb's attack. The jackal misses you.
It was a potion of cancellation.
Your magical effects are unravelling.
You feel magically purged.
You feel a little less agile now. You block the jackal's attack.
Ijyb zaps a wand.
The bolt of acid hits you!
* * * LOW HITPOINT WARNING * * *
You are splashed with acid!
The acid burns!
* * * LOW HITPOINT WARNING * * *
It was a potion of resistance.
You feel protected. You block the jackal's attack.
Ijyb zaps a wand.
The bolt of acid hits you! You resist.
You die...

########### *
#...'...... *≈
#..hgg..... , *
#..@# , ####≈≈#
#...##########...≈≈#
#............#...≈≈#
#............#...≈≈#
##'##.....##'##..≈≈#
#...#.....#...#..≈≈#
#...#.....#...#..≈≈#
#.([#.....#.(.#..≈≈#
##'##.....##'##..≈≈#


You could see Ijyb, a jackal and a goblin.

Vanquished Creatures
  The ghost of Nib the Chopper, an amateur DsGl (D:3)
  Terence (D:3)
  An iguana (D:4)
  A worker ant (D:4)
  8 gnolls (D:3)
  3 adders
  2 oozes
  2 worms (D:3)
  2 orcs
  6 bats
  A giant cockroach (D:1)
  16 goblins
  3 hobgoblins (D:1)
  6 jackals
  4 kobolds
  A quokka (D:4)
  2 ball pythons
  6 frilled lizards
  4 rats
70 creatures vanquished.

Notes
Turn   | Place    | Note
-------+----------+-------------------------------------------
     0 | D:1      | xccam the Formicid Fighter began the quest for the Orb.
     0 | D:1      | Reached XP level 1. HP: 18/18 MP: 1/1
   145 | D:1      | Reached XP level 2. HP: 24/24 MP: 2/2
   173 | D:1      | Reached skill level 3 in Maces & Flails
   454 | D:2      | Reached XP level 3. HP: 29/29 MP: 3/3
   732 | D:2      | Found a faded altar of an unknown god.
   755 | D:2      | Became a worshipper of Ashenzari the Shackled
   755 | D:2      | Reached * piety under Ashenzari
   928 | D:2      | Found a shimmering altar of Xom.
  1149 | D:3      | Reached skill level 4 in Maces & Flails
  1149 | D:3      | Reached XP level 4. HP: 25/35 MP: 4/4
  1346 | D:3      | Noticed Nib's ghost (amateur DsGl)
  1352 | D:3      | Killed Nib's ghost
  1352 | D:3      | Reached skill level 5 in Maces & Flails
  1352 | D:3      | Reached XP level 5. HP: 30/41 MP: 5/5
  1445 | D:3      | Noticed Terence
  1462 | D:3      | Killed Terence
  1462 | D:3      | Reached XP level 6. HP: 13/47 MP: 6/6
  1708 | D:3      | Reached skill level 6 in Maces & Flails
  2832 | D:4      | Reached ** piety under Ashenzari
  3079 | D:4      | Noticed Ijyb
  3089 | D:4      | HP: 1/47 [acid (12)]
  3090 | D:4      | Killed from afar by Ijyb

Vault maps used:
D:1:      grunt_arrival_lava_bath
D:2:      first_ration, chequers_ecumenical_altar_simple_redux, tgw_xom
D:3:      kennysheep_generic_room_6, uniq_terence
D:4:      kennysheep_goblin_castle, uniq_ijyb

Skill      XL: |  1  2  3  4  5  6 |
---------------+-------------------+-----
Maces & Flails | 3 4 5 6 |  6.8
Fighting       | |  3.2
Armour         | |  3.2
Shields        | |  3.6

Action                   |  1- 3 |  4- 6 || total
-------------------------+-------+-------++-------
Melee: Flail             |   104 |   174 ||   278
  Use: Scroll            |     2 |       ||     2
       Potion            |       |     4 ||     4
  Eat: Chunk             |       |     7 ||     7
Armor: Scale mail        |    43 |    70 ||   113
Dodge: Dodged            |    37 |    58 ||    95
Block: Shield            |    60 |   101 ||   161

Table legend:
 A = Spawn XP
 B = Non-spawn XP
 C = Spawn XP percentage of total XP
 D = Spawn monster count
 E = Non-spawn monster count
 F = Spawn count percentage of total count
 G = Total turns spent on level
                    A         B        C        D         E        F      G
               +---------+---------+-------+---------+---------+-------+---------
         Total |       0 |     488 |   0.0 |       0 |      70 |   0.0 |  3090
               +---------+---------+-------+---------+---------+-------+---------
           D:1 |       0 |      25 |   0.0 |       0 |      11 |   0.0 |   359
           D:2 |       0 |      37 |   0.0 |       0 |      16 |   0.0 |   771
           D:3 |       0 |     323 |   0.0 |       0 |      29 |   0.0 |  1168
           D:4 |       0 |     103 |   0.0 |       0 |      14 |   0.0 |   792
               +---------+---------+-------+---------+---------+-------+---------
